 Dungeon Crawl Stone Soup version 0.30-a0-867-g305f33218d (webtiles) character file.

Game seed: 17098269888588208871

239 Grim the Chopper (level 5, -2/45 HPs)
             Began as a Minotaur Berserker on Mar 10, 2023.
             Was a Believer of Trog.
             Slain by an orc wizard
             ... wielding a +0 dagger
              (3 damage)
             ... on level 3 of the Dungeon.
             The game lasted 00:03:30 (2154 turns).

Grim the Chopper (Minotaur Berserker)               Turns: 2154, Time: 00:03:30

Health: -2/45      AC:  6    Str: 24    XL:     5   Next: 79%
Magic:  4/4        EV: 10    Int:  4    God:    Trog [**....]
Gold:   92         SH:  0    Dex:  9    Spells: 4/4 levels left

rFire   . . .      SeeInvis .    a - +0 hand axe
rCold   . . .      Faith    .    (no shield)
rNeg    . . .      Spirit   .    n - +0 scale mail
rPois   .          Reflect  .    (helmet restricted)
rElec   .          Rampage  .    (no cloak)
rCorr   .                        (no gloves)
Will    .....                    (no boots) Stlth
                                 (no amulet)
HPRegen 0.27/turn                (no ring)
MPRegen 0.09/turn                (no ring)

@: confused, on berserk cooldown, slowed, very slow
A: horns 2, retaliatory headbutt
a: Renounce Religion, Berserk, Trog's Hand


You were on level 3 of the Dungeon.
You worshipped Trog.
Trog was pleased with you.
You visited 1 branch of the dungeon, and saw 3 of its levels.

You collected 92 gold pieces.

Inventory:

Hand Weapons
 a - a +0 hand axe (weapon)
 b - a +0 sling
Armour
 m - a +0 animal skin
 n - a +0 scale mail (worn)
Scrolls
 e - a scroll of immolation {unknown}
 f - a scroll of acquirement {unknown}
 h - a scroll of amnesia {unknown}
 j - a scroll of noise {unknown}
 l - 2 scrolls of fear {unknown}
Potions
 c - 2 potions of heal wounds {unknown}
 d - a potion of attraction {unknown}
 g - a potion of lignification {unknown}
 i - a potion of experience {unknown}
 k - a potion of curing {unknown}


   Skills:
 - Level 3.6 Fighting
 + Level 7.9 Axes
 - Level 2.4 Armour
 - Level 2.1 Dodging


You had 4 spell levels left.
You didn't know any spells.
Your spell library was empty.

Dungeon Overview and Level Annotations

Branches:
Dungeon (3/15)

Altars:
Vehumet

Shops:
D:2 *


Innate Abilities, Weirdness & Mutations

You have a pair of horns on your head.
You reflexively headbutt those who attack you in melee.


Message History

The orc barely misses you.
You barely miss something. You slash the orc!
You kill the orc!
Trog accepts your kill.
You slash something! Something hits you.
* * * LOW HITPOINT WARNING * * *
You completely miss something. Something hits you.
* * * LOW HITPOINT WARNING * * *
You miss something. Your headbutt misses something. You miss something.
You hear some strange, mumbled words.
You are confused.
You completely miss something.
You're too confused to move!
Something hits you.
* * * LOW HITPOINT WARNING * * *
You closely miss something. Something hits you.
* * * LOW HITPOINT WARNING * * *
You bump into the metal wall.
You feel a strong urge to attack something.
You are no longer berserk.
You are exhausted.
You feel yourself slow down. Something hits you but does no damage.
You completely miss something. Something hits you but does no damage.
You miss something. Your headbutt misses something. Something hits you.
* * * LOW HITPOINT WARNING * * *
You hear some strange, mumbled words.
A puff of flame appears from out of thin air!
The puff of flame hits you!
* * * LOW HITPOINT WARNING * * *
You barely miss something.
You feel less confused. Something hits you but does no damage.
You miss something. Something hits you but does no damage.
You hear some strange, mumbled words.
You are confused.
You completely miss something. Your headbutt misses something.
Something hits you.
* * * LOW HITPOINT WARNING * * *
You bump into the rock wall.
Something hits you.
You die...

#......# #......###
#......##.###
#.......#...#
#.......##..##
####.##..##.. #.
#.###.##)### #.
####......#.{.##... #.
#...........@.>#.. ..
#..####.####.#......
#.
#..##.....##..#.....
#.
##.#.......#.....###
#.###.
#.#.......#...#.##
#.....
#....._.......#..##
#####.
##)#.......#.......#
###.
#).#.......#..##.#.#
##...
##..##.....##.....#.##
#..##


There were no monsters in sight!

Vanquished Creatures
  2 orc priests (D:3)
  Jessica (D:3)
  Natasha (twice) (D:2)
  Robin (D:2)
  2 worms (D:3)
  8 orcs (D:3)
  3 ball pythons (D:1)
  3 bats
  9 endoplasms
  8 giant cockroaches
  12 goblins
  6 hobgoblins
  4 jackals
  2 quokkas (D:1)
  A frilled lizard (D:2)
  4 kobolds
  4 rats
72 creatures vanquished.

Vanquished Creatures (others)
  A goblin (D:2)
1 creature vanquished.

Grand Total: 73 creatures vanquished

Notes
Turn   | Place    | Note
-------+----------+-------------------------------------------
     0 | D:1      | Grim the Minotaur Berserker began the quest for the Orb.
     0 | D:1      | Reached XP level 1. HP: 19/19 MP: 0/0
    22 | D:1      | Reached skill level 4 in Axes
   113 | D:1      | Reached XP level 2. HP: 25/26 MP: 1/1
   249 | D:1      | Reached ** piety under Trog
   250 | D:1      | Reached skill level 5 in Axes
   657 | D:2      | Noticed Robin
   660 | D:2      | Reached XP level 3. HP: 31/31 MP: 2/2
   664 | D:2      | Found Hatuwyn's General Store.
   671 | D:2      | Killed Robin
  1108 | D:2      | Noticed Natasha
  1113 | D:2      | Killed Natasha
  1114 | D:2      | Reached skill level 6 in Axes
  1114 | D:2      | Reached XP level 4. HP: 39/39 MP: 3/3
  1287 | D:2      | Noticed Natasha
  1294 | D:2      | Killed Natasha
  1356 | D:3      | Noticed Jessica
  1361 | D:3      | Killed Jessica
  1362 | D:3      | Reached skill level 7 in Axes
  1362 | D:3      | Reached XP level 5. HP: 45/45 MP: 4/4
  1772 | D:3      | Found a radiant altar of Vehumet.
  2150 | D:3      | HP: 2/45 [something/puff of flame (11)]
  2154 | D:3      | Slain by an orc wizard

Illustrated notes

Levels and vault maps discovered:
D:1:      minmay_arrival_nine_rooms, layout_rooms
D:2:      layout_loops_ring, serial_shops, shop, uniq_natasha, uniq_robin
D:3:      layout_rooms, old_standard_altar,
          wander_ebering_terrifying_dragon_lair, uniq_jessica

Skill      XL: |  1  2  3  4 |
---------------+-------------+-----
Axes           | 4 5 6 7 |  7.9
Fighting       | |  3.6
Armour         | |  2.4
Dodging        | |  2.1

Action                     |  1- 3 |  4- 6 || total
---------------------------+-------+-------++-------
  Melee: Hand axe          |    75 |    58 ||   133
         Headbutt          |    11 |     9 ||    20
   Fire: Sling             |       |    12 ||    12
 Invoke: Berserk           |     1 |     2 ||     3
 Armour: Animal skin       |    18 |     2 ||    20
         Scale mail        |       |    11 ||    11
  Dodge: Dodged            |    36 |    21 ||    57

Table legend: (Time is in decaauts)
 A = Elapsed time spent in this place.
 B = Non-inter-level travel time spent in this place.
 C = Inter-level travel time spent in this place.
 D = Time resting spent in this place.
 E = Time spent auto-exploring this place.
 F = Levels seen in this place.
 G = Mean time per level.
                   A        B        C        D        E       F      G
               +--------+--------+--------+--------+--------+-----+--------+
         Total |   2169 |   2121 |     48 |    655 |   1133 |   3 |  723.0 |
       Dungeon |   2169 |   2121 |     48 |    655 |   1133 |   3 |  723.0 |
               +--------+--------+--------+--------+--------+-----+--------+

Top non-repeatable levels by time:
     D:3: 801 daAuts
     D:2: 708 daAuts
     D:1: 660 daAuts
